 Dungeon Crawl Stone Soup version 0.29-a0-721-g7f417c9bbb (webtiles) character file.

Game seed: 7242415237501640931

74 inmateoo the Insei (level 4, 0/35 HPs)
             Began as a Demonspawn Monk on June 27, 2022.
             Slain by a gnoll
             ... wielding a +0 club
              (2 damage)
             ... on level 2 of the Dungeon.
             The game lasted 00:01:47 (1850 turns).

inmateoo the Insei (Demonspawn Monk)                Turns: 1850, Time: 00:01:48

Health: 0/35       AC:  7    Str: 14    XL:     4   Next: 10%
Magic:  4/4        EV: 10    Int: 11    God:
Gold:   86         SH:  0    Dex: 15    Spells: 3/3 levels left

rFire   . . .      SeeInvis .     - Unarmed
rCold   . . .      Faith    .   (no shield)
rNeg    . . .      Spirit   .   i - +0 scale mail
rPois   .          Reflect  .   (no helmet)
rElec   .          Harm     .   (no cloak)
rCorr   .          Rampage  .   f - +0 pair of gloves
Will    .....                   (no boots)
Stlth   +.........              (no amulet)
HPRegen 0.11/turn               (no ring)
MPRegen 0.09/turn               (no ring)

@: lethally poisoned (0 -> -6), attractive
A: claws 1, powered by pain 1
a: no special abilities


You were on level 2 of the Dungeon.
You visited 1 branch of the dungeon, and saw 2 of its levels.

You collected 86 gold pieces.

Inventory:

Armour
 f - a +0 pair of gloves (worn)
 i - a +0 scale mail (worn)
Scrolls
 c - a scroll of brand weapon {unknown}
 d - 5 scrolls of identify {unknown}
Potions
 b - a potion of ambrosia
 g - a potion of haste {unknown}
 h - a potion of mutation {unknown}


   Skills:
 + Level 3.4 Fighting
 + Level 1.3 Armour
 + Level 3.1 Dodging
 - Level 1.7 Stealth
 * Level 3.5 Unarmed Combat


You had 3 spell levels left.
You didn't know any spells.
Your spell library was empty.

Dungeon Overview and Level Annotations

Branches:
Dungeon (2/15)

Altars:

Annotations:
D:2 Sigmund


Innate Abilities, Weirdness & Mutations

You have sharp fingernails.
You sometimes gain a little power by taking damage.


Message History

You tear a large gash into the net.
You are held in a net!
You shred the net and break free! The gnoll barely misses you.
You hit the gnoll.
The gnoll is moderately wounded.
The gnoll closely misses you.
Sigmund shouts!
You hit the gnoll but do no damage.
The gnoll is moderately wounded.
The gnoll hits you with a +0 club.
You hit the gnoll but do no damage.
The gnoll is moderately wounded.
The gnoll hits you with a +0 club.
You hit the gnoll but do no damage.
The gnoll is moderately wounded.
The gnoll hits you with a +0 club.
You hit the gnoll.
The gnoll is heavily wounded.
The gnoll hits you but does no damage.
You barely miss the gnoll.
The gnoll is heavily wounded.
The gnoll hits you with a +0 club.
You hit the gnoll.
The gnoll is severely wounded.
The gnoll hits you with a +0 club.
Sigmund hits you from afar with a +2 scythe of venom.
* * * LOW HITPOINT WARNING * * *
You are poisoned.
You hit the gnoll but do no damage.
The gnoll is severely wounded.
* * * LOW HITPOINT WARNING * * *
You feel sick. The gnoll hits you with a +0 club.
* * * LOW HITPOINT WARNING * * *
Sigmund barely misses you.
Unknown command.
It was a potion of attraction.
You feel attractive to monsters.
* * * LOW HITPOINT WARNING * * *
You feel sick. The gnoll hits you with a +0 club.
You die...

#...[.....#.# #)# .
#...........# #.#
########.#### #.#
#.## #.#######
#..### #.......#
##...# ###.....#
#.@.# ..#.....#
#..P#...#.....#
#..@g...#.....#
##.P#+#+#.....#####+
#..# #...........
#..# ###...........
#### #.............
#.............
##............
#####........
#........


You could see Sigmund and a gnoll.

Vanquished Creatures
  Terence (D:2)
  An adder (D:2)
  A worm (D:2)
  An orc (D:2)
  2 endoplasms (D:1)
  2 giant cockroaches
  4 hobgoblins
  2 jackals (D:2)
  3 quokkas
  4 ball pythons (D:1)
  A bat (D:1)
  4 frilled lizards
  6 kobolds
  5 rats
37 creatures vanquished.

Notes
Turn   | Place    | Note
-------+----------+-------------------------------------------
     0 | D:1      | inmateoo the Demonspawn Monk began the quest for the Orb.
     0 | D:1      | Reached XP level 1. HP: 18/18 MP: 1/1
   125 | D:1      | Found a faded altar of an unknown god.
   288 | D:1      | Gained mutation: You sometimes gain a little power by
                  | taking damage. [demonic ancestry]
   288 | D:1      | Reached XP level 2. HP: 17/24 MP: 2/2
  1420 | D:2      | Reached XP level 3. HP: 10/29 MP: 3/3
  1662 | D:2      | Noticed Terence
  1691 | D:2      | Killed Terence
  1692 | D:2      | Reached skill level 1 in Armour
  1766 | D:2      | Gained mutation: You have sharp fingernails. [demonic
                  | ancestry]
  1766 | D:2      | Reached XP level 4. HP: 25/35 MP: 4/4
  1802 | D:2      | Noticed Sigmund
  1850 | D:2      | Slain by a gnoll

Illustrated notes

Levels and vault maps discovered:
D:1:      wander_arrival_lonely_grave, layout_loops_corners,
          basic_ecumenical_altar
D:2:      layout_basic, cheibrodos_gnoll_hut, uniq_sigmund, uniq_terence

Skill      XL: |  1  2  3 |
---------------+----------+-----
Unarmed Combat | 3 |  3.5
Dodging        | 3 |  3.1
Armour         | 1 |  1.3
Fighting       | |  3.4
Stealth        | |  1.7

Action                   |  1- 3 |  4- 6 || total
-------------------------+-------+-------++-------
Melee: Unarmed           |   154 |    19 ||   173
       Punch             |     4 |       ||     4
  Use: Potion            |       |     1 ||     1
 Stab: Sleeping          |     6 |       ||     6
Armor: Robe              |    24 |       ||    24
       Scale mail        |    10 |     7 ||    17
Dodge: Dodged            |    95 |     6 ||   101

Table legend: (Time is in decaauts)
 A = Elapsed time spent in this place.
 B = Non-inter-level travel time spent in this place.
 C = Inter-level travel time spent in this place.
 D = Time resting spent in this place.
 E = Time spent auto-exploring this place.
 F = Levels seen in this place.
 G = Mean time per level.
                   A        B        C        D        E       F      G
               +--------+--------+--------+--------+--------+-----+--------+
         Total |   1839 |   1789 |     50 |    633 |    761 |   2 |  919.5 |
       Dungeon |   1839 |   1789 |     50 |    633 |    761 |   2 |  919.5 |
               +--------+--------+--------+--------+--------+-----+--------+

Top non-repeatable levels by time:
     D:1: 1277 daAuts
     D:2: 562 daAuts
